[Event "Early-Titled-Tuesday-Blitz-October-17-2023"]
[Site "Chess.com"]
[Date "2023.10.17"]
[Round "7"]
[White "Khuslen2008"]
[Black "ivana_999"]
[Result "1-0"]
[WhiteElo "2282"]
[BlackElo "2092"]
[TimeControl "180+1"]
[EndTime "9:21:33 PDT"]
[Termination "Khuslen2008 won by resignation"]

1. d4 Nf6 2. c4 c5 3. d5 e5 4. Nc3 d6 5. e4 Nbd7 6. Nf3 Be7 7. Be2 Nf8 8. O-O h5 9. Bg5 Ng6 10. Nh4 Nxh4 11. Bxh4 Nxd5 12. Nxd5 Bxh4 13. Bxh5 g6 14. Bg4 Be6 15. Ne3 Bg5 16. Nd5 Qd7 17. h3 Bxg4 18. Qxg4 Qxg4 19. hxg4 Kd7 20. Rad1 Rh7 21.
f3 Bh4 22. g3 Be7 23. Kg2 Rah8 24. Rh1 Rxh1 25. Rxh1 Rxh1 26. Kxh1 Bg5 27. f4 exf4 28.
gxf4 Bh4 29. Kg2 Be1 30. Kf3 Bd2 31. g5 Bc1 32. b3 Bb2 33. Kg4 Ke6 34. f5+ Kd7 35.
Nf4 gxf5+ 36. exf5 a6 37. g6 fxg6 38. fxg6 b5 39. Nh5 bxc4 40. bxc4 d5 41. cxd5 c4 42. Kf5 Kd6 43. Nf6 Bxf6 44. Kxf6 c3 45. g7 c2 46. g8=Q c1=Q 47. Qd8+ Kc5 48. Qc7+ Kxd5 49. Qxc1 Kd4 50. Qd2+ Kc4 51. Qe2+ Kb4 52. Qxa6 Kc3 53. a4 Kb2 54. a5 Ka1 55. Qb5 Ka2 56. a6 Ka1 57. a7 Ka2 1-0

[Event "Early-Titled-Tuesday-Blitz-October-17-2023"]
[Site "Chess.com"]
[Date "2023.10.17"]
[Round "7"]
[White "kingapolak"]
[Black "Me_ch_an"]
[Result "0-1"]
[WhiteElo "2149"]
[BlackElo "2361"]
[TimeControl "180+1"]
[EndTime "9:21:37 PDT"]
[Termination "Me_ch_an won on time"]

1. e4 c5 2. Nf3 Nc6 3. Nc3 a6 4. d4 cxd4 5. Nxd4 Qb6 6. Nb3 Nf6 7. Qe2 d6 8. Be3 Qc7 9. O-O-O e6 10. g4 Be7 11. g5 Nd7 12. f4 b5 13. f5 Nde5 14.
fxe6 fxe6 15. Bh3 O-O 16. Rhf1 Bd7 17. Rxf8+ Rxf8 18. Rf1 Rxf1+ 19. Qxf1 Nc4 20. Bf4 N6a5 21. Qd3 Nxb3+ 22. axb3 Ne5 23. Bxe5 dxe5 24. Nd5 Bxg5+ 25. Kb1 Qb7 26. Nc3 Kf7 27. Qd6 Bf6 28. b4 Qc8 29. Qb6 Qc6 30. Qe3 Qc4 31. Ne2 Qxb4 32. Qa7 Qe1+ 33.
Ka2 Ke7 34. Nc3 Qh4 35. Qc5+ Kf7 36. Qd6 Qxh3 37. Qxd7+ Kg6 38. Qe8+ Kh6 39. Qc8 Qxh2 40. Qxe6 Qxc2 41. Qxa6 b4 42. Nd5 b3+ 43. Ka3 Qxe4 0-1

[Event "Early-Titled-Tuesday-Blitz-October-17-2023"]
[Site "Chess.com"]
[Date "2023.10.17"]
[Round "7"]
[White "scarabee43"]
[Black "Let_it_be_1"]
[Result "1-0"]
[WhiteElo "2803"]
[BlackElo "2643"]
[TimeControl "180+1"]
[EndTime "9:21:38 PDT"]
[Termination "scarabee43 won on time"]

1. Nf3 d5 2. e3 Nf6 3. c4 e6 4. Nc3 Be7 5. b3 O-O 6. Bb2 c5 7. cxd5 exd5 8. d4 Nc6 9. Be2 cxd4 10. Nxd4 Bc5 11. Nxc6 bxc6 12. O-O Bd6 13. Rc1 Bd7 14. Qd4 Re8 15. Rfd1 Qe7 16. Na4 Rad8 17. Nc5 Bc8 18. b4 Qc7 19. g3 Be5 20. Qd2 Bg4 21. Bxe5 Qxe5 22. Bxg4 Nxg4 23. h3 Nf6 24. Qd4 Qf5 25. Kg2 h5 26. Qf4 Qxf4 27. exf4 Re2 28. a4 Rb8 29.
Nd3 Ra2 30. a5 Re8 31. Rxc6 Ree2 32. Kg1 Ne4 33. Nc1 Nxf2 34. Nxe2 Nxd1 35. Nd4 Ne3 36.
Rc8+ Kh7 37. Rc7 Rg2+ 38. Kh1 Rd2 39. Nf3 Rf2 40. Ng5+ Kg6 41. Nxf7 Rf1+ 42. Kh2 Rf2+ 43. Kg1 Rg2+ 44. Kh1 Rxg3 45. Ne5+ Kf5 46. Rxa7 Kxf4 47.
Nd3+ Ke4 48. Nc5+ Kf3 49. Rf7+ Ke2 50. a6 Rxh3+ 51. Kg1 Rg3+ 52. Kh2 Rg2+ 53. Kh1 Rg4 54. a7 Rh4+ 55. Kg1 Rg4+ 56. Kh2 Rh4+ 57. Kg3 Rg4+ 58.
Kh3 1-0

[Event "Early-Titled-Tuesday-Blitz-October-17-2023"]
[Site "Chess.com"]
[Date "2023.10.17"]
[Round "7"]
[White "Treasurechess777"]
[Black "borocotoajua"]
[Result "0-1"]
[WhiteElo "2453"]
[BlackElo "2599"]
[TimeControl "180+1"]
[EndTime "9:21:38 PDT"]
[Termination "borocotoajua won by checkmate"]

1. Nf3 Nf6 2. b3 d5 3. Bb2 c5 4. e3 a6 5. c4 dxc4 6. bxc4 Nc6 7.
d4 e6 8. Nbd2 Be7 9. Bd3 O-O 10.
O-O b6 11. Rc1 Bb7 12. a3 Rc8 13.
Bb1 Bd6 14. Qc2 cxd4 15. exd4 Na5 16. d5 g6 17. Qc3 e5 18. Nxe5 Nxd5 19. Qd4 Bc5 20.
Qg4 Nf6 21. Qf4 Nh5 22. Qh6 Bd4 23. Bxd4 Qxd4 24. Ndf3 Qf4 25. Ng5 Nf6 26. Bxg6 fxg6 27. Nxg6 Qg4 28. f3 Qd7 29. Nxf8 Rxf8 30. c5 b5 31. Rfd1 Qf5 32. Rd6 Nc4 33. Rxf6 Rxf6 34. Qh5 Qxc5+ 35. Kh1 Qf5 36. Qe8+ Rf8 37. Qh5 Qg6 38.
Qh4 Bd5 39. Re1 Bf7 40. Re7 Rd8 41. h3 Rd1+ 42. Kh2 Qd6+ 43. Qg3 Rh1+ 44. Kxh1 Qxg3 45. Nxf7 Kf8 46. Ra7 Ne3 47. Ne5 Qxg2# 0-1

[Event "Early-Titled-Tuesday-Blitz-October-17-2023"]
[Site "Chess.com"]
[Date "2023.10.17"]
[Round "7"]
[White "AradNazari"]
[Black "N4700000"]
[Result "0-1"]
[WhiteElo "2849"]
[BlackElo "2538"]
[TimeControl "180+1"]
[EndTime "9:21:40 PDT"]
[Termination "N4700000 won by resignation"]

1. e4 c6 2. Nf3 d5 3. Nc3 dxe4 4. Nxe4 Nf6 5. Qe2 Nxe4 6. Qxe4 Qd5 7. Qf4 Qf5 8. Qe3 Qxc2 9. Bd3 Qa4 10. b3 Qa5 11. Bb2 Bf5 12. Bc3 Qd5 13. Bc4 Qd6 14. O-O e6 15. Nh4 Bg6 16. f4 Be7 17. Bxg7 Rg8 18. Be5 Qd8 19. f5 Bxh4 20. fxg6 hxg6 21. Qh6 Nd7 22. Bc3 Qg5 23. Qh7 Rf8 24. Bg7 O-O-O 25. Bh6 Qc5+ 26. Be3 Qe7 27. Qh6 e5 28. Bxa7 Rh8 29.
Qe3 Bg5 30. Qf3 f5 31. Bf2 e4 32. Qe2 Bf4 33. g3 Ne5 34. Be3 Bxe3+ 35. Qxe3 Qd6 36. Be2 Qxd2 37. Qxd2 Rxd2 38. Rf2 e3 39. Rg2 g5 40. Re1 f4 41. gxf4 gxf4 42. Rf1 Rf8 43. Bg4+ Nxg4 44. Rxg4 f3 45. Re4 f2+ 46. Kg2 e2 47. Rxf2 e1=Q 48. Rxe1 Rfxf2+ 0-1

[Event "Early-Titled-Tuesday-Blitz-October-17-2023"]
[Site "Chess.com"]
[Date "2023.10.17"]
[Round "7"]
[White "blitzo_vich"]
[Black "ChainedDowntohell"]
[Result "0-1"]
[WhiteElo "2588"]
[BlackElo "2469"]
[TimeControl "180+1"]
[EndTime "9:21:41 PDT"]
[Termination "ChainedDowntohell won on time"]

1. e4 c5 2. Nf3 d6 3. Bb5+ Nc6 4. Bxc6+ bxc6 5. O-O e6 6. e5 f6 7. exd6 Bxd6 8. Na3 Ne7 9. Nc4 e5 10. d3 Bg4 11.
Qe2 O-O 12. h3 Bh5 13. Qe3 Nd5 14. Qe2 Qe7 15. Bd2 Rae8 16. Rfe1 g5 17. g4 Bg6 18.
Qf1 h5 19. Qg2 Kg7 20. Nh2 Qd7 21. Re2 Rh8 22. Rae1 hxg4 23. hxg4 Rh4 24. f3 Reh8 25. Nf1 Nf4 26. Bxf4 gxf4 27. Nfd2 Bc7 28. Nf1 Kf8 29.
Rd1 Bf7 30. b3 Bxc4 31. bxc4 Ba5 32. Re4 Bc3 33. Kf2 Qb7 34. g5 Qb2 35. Re2 Rg8 36. Nd2 Rxg5 37. Qf1 Qxc2 38. Rb1 Bxd2 39. Rb8+ Kf7 40.
Qh3 Kg6 41. Rb7 Be3+ 42. Kf1 Qd1+ 0-1

[Event "Early-Titled-Tuesday-Blitz-October-17-2023"]
[Site "Chess.com"]
[Date "2023.10.17"]
[Round "7"]
[White "Witik"]
[Black "kirillshevchenko"]
[Result "1-0"]
[WhiteElo "2828"]
[BlackElo "2921"]
[TimeControl "180+1"]
[EndTime "9:21:42 PDT"]
[Termination "Witik won by checkmate"]

1. e4 e5 2. Nf3 Nc6 3. Nc3 Nf6 4. Bb5 Nd4 5. Bc4 c6 6. O-O b5 7. Bb3 a5 8. Nxe5 Qe7 9. Nf3 Nxf3+ 10. Qxf3 a4 11. e5 Qxe5 12. d4 Qh5 13. Re1+ Be7 14. Qg3 Qg6 15. Qd6 O-O 16. Rxe7 axb3 17. cxb3 Qc2 18.
Re2 Qf5 19. Bf4 b4 20. Na4 Ba6 21. Ree1 Rfe8 22. Re5 Qc2 23. Nc5 Bb5 24. Rae1 Rf8 25. h3 Qxb2 26. Bg5 Nd5 27. Nxd7 f6 28. Nxf8 Rxf8 29.
Re8 Rxe8 30. Rxe8+ Kf7 31. Qd7+ Kg6 32. Bh4 Qc1+ 33. Kh2 Qf4+ 34. Bg3 Qxd4 35. Re1 Qc5 36. Qe8+ Kh6 37. Re4 g5 38. Qf7 Nf4 39. Rxf4 Qe5 40. Rxf6+ Qxf6 41. Qxf6+ Kh5 42. Be5 h6 43. g4+ Kh4 44. Bg3# 1-0

[Event "Early-Titled-Tuesday-Blitz-October-17-2023"]
[Site "Chess.com"]
[Date "2023.10.17"]
[Round "7"]
[White "mishanick"]
[Black "Firouzja2003"]
[Result "0-1"]
[WhiteElo "3014"]
[BlackElo "3093"]
[TimeControl "180+1"]
[EndTime "9:21:43 PDT"]
[Termination "Firouzja2003 won by resignation"]

1. d4 e6 2. c4 b6 3. a3 Bb7 4. Nc3 Nf6 5. d5 Bd6 6. g3 c6 7. Bg2 cxd5 8. cxd5 O-O 9. Nh3 Be5 10. Nf4 Bxc3+ 11.
bxc3 Nxd5 12. c4 Qf6 13. Bd2 Nc3 14. Qc1 Ne4 15. Bc3 Qf5 16. Qe3 Nc5 17. Bxb7 Nxb7 18. Rd1 Nc5 19. f3 Nc6 20. g4 Qg5 21. h4 Qe7 22.
Nh5 e5 23. Ng3 Ne6 24. Nf5 Qxa3 25. h5 Rad8 26. h6 g6 27. Rd5 f6 28. Rg1 Nf4 29.
Nd6 Nxd5 30. cxd5 Qxd6 31. dxc6 dxc6 32. g5 Qc5 33. Qxc5 bxc5 34. gxf6 Rde8 35. Kf2 Rxf6 36.
Ra1 g5 37. Rxa7 Rxh6 38. Rc7 Rhe6 39. Kg3 h5 40. Bd2 R8e7 41. Rc8+ Re8 42. Rc7 Rg6 43.
Be3 c4 44. Bd2 e4 45. Bc3 exf3 46. exf3 Re3 47. Bd4 Rd3 48. Be5 g4 49. Kh4 gxf3 50. Kxh5 Re6 51. Bg3 c3 0-1

[Event "Early-Titled-Tuesday-Blitz-October-17-2023"]
[Site "Chess.com"]
[Date "2023.10.17"]
[Round "7"]
[White "bazar-wokzal"]
[Black "DreamsAreFake"]
[Result "1/2-1/2"]
[WhiteElo "2584"]
[BlackElo "2741"]
[TimeControl "180+1"]
[EndTime "9:21:43 PDT"]
[Termination "Game drawn - insufficient material"]

1. e4 c6 2. d4 d5 3. f3 e6 4. Nc3 Bb4 5. Be3 Ne7 6. Bd3 Nd7 7. Ne2 O-O 8. O-O e5 9. exd5 cxd5 10. Ng3 Bxc3 11. bxc3 Qc7 12. Qd2 Nc6 13. Rae1 Re8 14.
Nh5 g6 15. Bh6 Qd8 16. Ng3 Nf8 17. dxe5 Nxe5 18. Bg5 f6 19. Be3 Be6 20. Bd4 Nc6 21. f4 Nxd4 22. cxd4 f5 23. Re2 Qb6 24. c3 Nd7 25.
Rfe1 Bf7 26. h4 Nf6 27. h5 Ne4 28. Bxe4 dxe4 29. hxg6 hxg6 30. Nf1 Bc4 31. Re3 Rac8 32. g4 Qa5 33. Rg3 Kf7 34. Ne3 Qxa2 35. Qxa2 Bxa2 36. gxf5 gxf5 37. Nxf5 Rcd8 38. Ra1 Be6 39. Nh6+ Kf6 40.
Rxa7 Rh8 41. f5 Bxf5 42. Nxf5 Kxf5 43. Rxb7 Kf4 44. Kg2 Rdf8 45. Rbg7 Rh4 46. d5 Ke5 47. c4 Kd4 48. d6 Kxc4 49. d7 Rd8 50. Re7 Kd4 51.
Rg6 Rh5 52. Rd6+ Rd5 53. Rxd5+ Kxd5 54. Kf2 Kd6 55. Rxe4 Rxd7 56. Rd4+ Kc6 57. Rxd7 Kxd7 1/2-1/2

[Event "Early-Titled-Tuesday-Blitz-October-17-2023"]
[Site "Chess.com"]
[Date "2023.10.17"]
[Round "7"]
[White "lamomiajunior"]
[Black "JuniorJumper"]
[Result "0-1"]
[WhiteElo "2727"]
[BlackElo "2587"]
[TimeControl "180+1"]
[EndTime "9:21:45 PDT"]
[Termination "JuniorJumper won by resignation"]

1. d4 d5 2. c4 e6 3. Nc3 c6 4. e3 Nf6 5. Nf3 Nbd7 6. Qc2 Bd6 7.
Be2 O-O 8. O-O Qe7 9. b3 dxc4 10. bxc4 e5 11. Bb2 Re8 12. Rae1 e4 13. Nd2 Nf8 14. f3 exf3 15. Bxf3 Qc7 16. g3 Bxg3 17. hxg3 Qxg3+ 18. Bg2 Ng4 19. Nf3 Nxe3 20. Qf2 Qxf2+ 21. Kxf2 Ng4+ 22. Kg3 Bd7 23. Ne4 Ng6 24. Nc5 Nf6 25. Ne5 Be6 26. Nxg6 hxg6 27. Nxe6 Rxe6 28. Rxe6 fxe6 29.
Re1 Kf7 30. Bh3 Re8 31. Kf4 Nh5+ 32. Kg5 Nf6 33. Kf4 Nh5+ 34. Ke5 Nf6 35. a4 Nd7+ 36. Kd6 Nb6 37. Bxe6+ Rxe6+ 38. Rxe6 Nxc4+ 39. Kd7 Nb6+ 40. Kd6 Nc8+ 41. Kc7 Kxe6 42. Kxc8 b5 43. axb5 cxb5 44.
Kc7 Kd5 45. Kb7 b4 46. Kxa7 g5 47. Bc1 g4 48. Kb6 g3 49. Kb5 b3 50. Kb4 g2 51. Be3 b2 0-1

[Event "Early-Titled-Tuesday-Blitz-October-17-2023"]
[Site "Chess.com"]
[Date "2023.10.17"]
[Round "7"]
[White "Masterbeaterr"]
[Black "Irina_Mikhaylova"]
[Result "1-0"]
[WhiteElo "2427"]
[BlackElo "2299"]
[TimeControl "180+1"]
[EndTime "9:21:45 PDT"]
[Termination "Masterbeaterr won by resignation"]

1. d4 Nf6 2. c4 g6 3. h4 h5 4. Nc3 d5 5. Bg5 dxc4 6. Bxf6 exf6 7. e4 f5 8. Bxc4 fxe4 9. Nxe4 Bb4+ 10. Nc3 O-O 11. Ne2 Bg4 12. Qc2 Bf5 13. Qb3 Nc6 14.
O-O-O Bxc3 15. bxc3 Na5 16. Qb4 Nxc4 17. Qxc4 b5 18.
Qc5 Qd6 19. Qxd6 cxd6 20. Ng3 Bc8 21. Rhe1 Bb7 22. f3 Rfe8 23. Kd2 Bd5 24. a3 a5 25. Rxe8+ Rxe8 26. Rb1 Rb8 27. Nf1 Bc6 28. Ne3 Rd8 29. Kd3 f6 30. Rf1 Kf7 31. g3 Rb8 32. d5 Bd7 33. Rb1 g5 34. Kd4 Kg6 35. Nc4 Re8 36. Nxd6 Re2 37. Nxb5 Rd2+ 38. Kc4 Rf2 39.
Nd4 gxh4 40. gxh4 Rh2 41. Rg1+ Kf7 42. Kc5 Rxh4 43. Kd6 Ba4 44. Rb1 Rh2 45. Rb7+ Kg6 46. Ke7 h4 47. d6 h3 48. d7 Bxd7 49. Rxd7 Rg2 50. Rd8 h2 51. Rh8 Kg5 52. Ke6 Kf4 53. Kxf6 Kg3 54. Nf5+ Kf2 55. f4 Kg1 56. Ne3 Re2 57.
Rg8+ Kh1 58. Ng4 Rg2 59. Kf5 a4 60. Rh8 Rxg4 61. Kxg4 Kg2 62. Rxh2+ Kxh2 63. f5 1-0

[Event "Early-Titled-Tuesday-Blitz-October-17-2023"]
[Site "Chess.com"]
[Date "2023.10.17"]
[Round "7"]
[White "wonderfultime"]
[Black "GMKrikor"]
[Result "1-0"]
[WhiteElo "2984"]
[BlackElo "2818"]
[TimeControl "180+1"]
[EndTime "9:21:46 PDT"]
[Termination "wonderfultime won on time"]

1. d4 Nf6 2. Nf3 g6 3. Bg5 Bg7 4. c3 O-O 5. Nbd2 d6 6. e4 c5 7.
dxc5 dxc5 8. Bc4 Nc6 9. Qe2 h6 10. Bxf6 exf6 11. O-O Re8 12. Rfe1 Qc7 13. Rad1 f5 14. Bd5 fxe4 15. Nxe4 Bf5 16. Qf1 Rad8 17. Ng3 Bg4 18. h3 Bc8 19. Bb3 Rxe1 20. Qxe1 Rxd1 21. Qxd1 Na5 22. Bd5 b5 23. Qd3 Qd7 24. b4 cxb4 25.
cxb4 Nc4 26. Bxc4 bxc4 27. Qxc4 Bb7 28. Qb3 Bd5 29. Qd3 Qc6 30. a3 Bf6 31. Nf1 Be4 32.
Qe3 a6 33. N1d2 Bd5 34. Nf1 Kg7 35. Ng3 Bb2 36. Nd4 Qc1+ 37. Qxc1 Bxc1 38. a4 Bb2 39. Nge2 Bc4 40. b5 axb5 41. axb5 Ba3 42. b6 Bd6 43. Nc3 Kf8 44. Nc6 Ba6 45. Ne4 Be7 46. Nxe7 Kxe7 47.
Nc5 1-0

[Event "Early-Titled-Tuesday-Blitz-October-17-2023"]
[Site "Chess.com"]
[Date "2023.10.17"]
[Round "7"]
[White "HamedWafa4"]
[Black "Mystery2007"]
[Result "0-1"]
[WhiteElo "2591"]
[BlackElo "2470"]
[TimeControl "180+1"]
[EndTime "9:21:46 PDT"]
[Termination "Mystery2007 won by resignation"]

1. e4 a6 2. d4 e6 3. Nf3 d5 4. e5 c5 5. c3 Nc6 6. Bd3 Nh6 7. Bxh6 gxh6 8. O-O f6 9. Nh4 fxe5 10. Qh5+ Kd7 11. dxe5 Qg5 12. Qxg5 hxg5 13. Nf3 g4 14. Ng5 Nxe5 15.
Bc2 Be7 16. f4 gxf3 17. Nxf3 Nxf3+ 18. Rxf3 b5 19. Nd2 Bb7 20. Rf7 h6 21. Nf3 Kd6 22.
Re1 Raf8 23. Ne5 Rhg8 24. b4 Rxf7 25. Nxf7+ Kd7 26. Nxh6 Rf8 27. a3 d4 28. Rd1 e5 29.
Ng4 Bd6 30. bxc5 Bxc5 31. Nxe5+ Ke6 32. cxd4 Bxa3 33. Bb3+ Kd6 34. Nf7+ Kd7 35. h4 a5 36. h5 a4 37. Ba2 b4 38. Ne5+ Kd8 39. h6 b3 40. Bb1 Rg8 41. Rd2 Ke7 42. h7 Rd8 43.
Ng6+ Kd6 44. Rf2 Bb2 45. Rxb2 Kd5 46. Rf2 Kc4 47. Rf8 Rxf8 48. Nxf8 a3 49. h8=Q a2 50. Bxa2 bxa2 51. Qg8+ Bd5 52. Qg3 a1=Q+ 53. Kh2 Qxd4 54.
Qg8 Bxg8 0-1

[Event "Early-Titled-Tuesday-Blitz-October-17-2023"]
[Site "Chess.com"]
[Date "2023.10.17"]
[Round "7"]
[White "azikom"]
[Black "Manukyan_Artak"]
[Result "1-0"]
[WhiteElo "2624"]
[BlackElo "2477"]
[TimeControl "180+1"]
[EndTime "9:21:47 PDT"]
[Termination "azikom won by resignation"]

1. d4 Nf6 2. c4 e6 3. Nc3 Bb4 4. Qc2 d5 5. cxd5 exd5 6. Nf3 O-O 7. a3 Be7 8. Bf4 c5 9. e3 c4 10. Be2 g6 11. O-O Bf5 12. Qd1 a6 13. a4 Nc6 14.
Ne5 Nb4 15. h3 Nd7 16. Bg4 Bxg4 17. Qxg4 f5 18. Qf3 Nxe5 19. dxe5 Qd7 20. Rfd1 Rfd8 21.
b3 cxb3 22. Rab1 Rac8 23. Rxb3 Rc4 24. g4 fxg4 25. hxg4 g5 26. Bg3 Qxg4 27. Qxg4 Rxg4 28. Kg2 h5 29. Kh3 Kf7 30. Ne2 Rc4 31. Nd4 g4+ 32.
Kg2 h4 33. Bf4 Kg6 34. Rh1 h3+ 35. Kg3 Kh5 36. Nf5 Bf8 37. f3 gxf3 38. Rxh3+ Kg6 39. Nd4 Bc5 40. Ne6 Rc8 41. Kxf3 Bf8 42. Rg3+ Kf5 43. Nd4+ Rxd4 44. exd4 Rc4 45. Rg5+ Ke6 46. Rg6+ Kf7 47. Rf6+ Ke8 48. Be3 Nc6 49. Rxb7 Nxd4+ 50. Bxd4 Rxd4 51. Rb8+ Ke7 52. Rbxf8 Rxa4 53. R8f7+ 1-0

[Event "Early-Titled-Tuesday-Blitz-October-17-2023"]
[Site "Chess.com"]
[Date "2023.10.17"]
[Round "7"]
[White "baki83"]
[Black "JimDiGrease"]
[Result "1/2-1/2"]
[WhiteElo "2843"]
[BlackElo "2901"]
[TimeControl "180+1"]
[EndTime "9:21:48 PDT"]
[Termination "Game drawn by repetition"]

1. e4 c5 2. Nf3 e6 3. c3 d5 4.
e5 d4 5. d3 Nc6 6. g3 Nge7 7.
Bg2 Ng6 8. Qe2 Qc7 9. Na3 Bd7 10. O-O Be7 11. Re1 O-O 12. h4 f6 13. exf6 Bxf6 14. h5 Nge7 15. Nb5 Qb6 16. c4 Nd8 17. Bf4 Bxb5 18.
cxb5 Qxb5 19. Bh3 Qd7 20. h6 Nd5 21. hxg7 Bxg7 22. Be5 Qf7 23. Ng5 Qg6 24. Bxg7 Kxg7 25. Qe5+ Qf6 26. Bxe6 Qxe5 27. Rxe5 Nb4 28. Bc4 h6 29.
Ne4 Ndc6 30. Rxc5 Rf3 31. Rd1 Raf8 32. a3 Nc2 33. Rc1 Ne3 34. fxe3 dxe3 35. Re1 Nd4 36. Rc7+ Kh8 37. Rd7 e2 38. Kg2 Rf1 39. Rxe2 Nxe2 40. Nd6 R1f2+ 41. Kh3 R2f3 42. Nf7+ R8xf7 43. Rxf7 Rxg3+ 44. Kh4 Re3 45. Rxb7 Nd4 46. Kh5 Rh3+ 47. Kg6 Rg3+ 48. Kxh6 Nf5+ 49. Kh5 Ng7+ 50. Kh4 Nf5+ 51. Kh5 Ng7+ 52. Kh6 Nf5+ 53. Kh5 1/2-1/2

[Event "Early-Titled-Tuesday-Blitz-October-17-2023"]
[Site "Chess.com"]
[Date "2023.10.17"]
[Round "7"]
[White "chessfatbear"]
[Black "Cayse"]
[Result "0-1"]
[WhiteElo "2795"]
[BlackElo "2900"]
[TimeControl "180+1"]
[EndTime "9:21:48 PDT"]
[Termination "Cayse won by resignation"]

1. d4 d5 2. Nf3 Nf6 3. Bf4 c5 4. e3 Nc6 5. Nbd2 e6 6. c3 Bd6 7. Bg3 O-O 8. Bb5 Ne7 9. Bd3 Nf5 10. Bxf5 exf5 11. Bxd6 Qxd6 12. dxc5 Qxc5 13. O-O b6 14. Qa4 a5 15. Rfd1 Ba6 16. Qf4 g6 17. Qh6 Rfe8 18. Nb3 Qf8 19. Qxf8+ Kxf8 20. a4 Rac8 21. Nbd4 Ne4 22.
Nd2 Nc5 23. b4 Nd3 24. bxa5 bxa5 25. Nb5 Bxb5 26. axb5 Rxc3 27. Rxa5 f4 28. b6 Nxf2 29. Rb1 fxe3 30. Nf3 Rb8 31. h4 Ng4 32. Kf1 Kg7 33. Rxd5 Rb7 34. h5 Rc6 35. hxg6 hxg6 36. Rdb5 Rc2 37.
R1b2 Rc6 38. Ke2 f5 39. Nd4 Rd6 40. Nf3 Kf6 41. Rc2 Rbxb6 42. Rbc5 Ra6 43. Rc8 Ra7 44. Rf8+ Rf7 45. Rfc8 Rfd7 46. Rf8+ Kg7 47. Rfc8 Re7 48.
Rb8 Ne5 49. Ng5 Nc6 50. Rb6 Nd4+ 51. Kd3 Rxb6 52. Kxd4 e2 53. Nf3 e1=Q 0-1

[Event "Early-Titled-Tuesday-Blitz-October-17-2023"]
[Site "Chess.com"]
[Date "2023.10.17"]
[Round "7"]
[White "garicradomir"]
[Black "Kotofeyca"]
[Result "1-0"]
[WhiteElo "2317"]
[BlackElo "2413"]
[TimeControl "180+1"]
[EndTime "9:21:48 PDT"]
[Termination "garicradomir won on time"]

1. e4 c5 2. Nf3 d6 3. Be2 Nf6 4. c3 Nc6 5. d4 cxd4 6. cxd4 d5 7. e5 Ne4 8. Nbd2 Bf5 9. O-O e6 10. Nb3 Be7 11. Ne1 f6 12. f3 Ng5 13. Bxg5 fxg5 14.
Rc1 O-O 15. Nd3 Rc8 16. Nf2 Nb4 17. a3 Nc2 18. Ng4 h5 19. Bd3 hxg4 20. Bxf5 Rxf5 21. Rxc2 gxf3 22. Rxc8 Qxc8 23. Rxf3 Rxf3 24. Qxf3 Qc4 25. h3 Bd8 26. Qg4 Qxb3 27. Qxe6+ Kh7 28. Qf5+ Kh6 29. Qe6+ g6 30. Qg8 Qe3+ 31. Kf1 Qf4+ 32. Ke2 Qe4+ 33. Kf1 Qf4+ 34. Kg1 Bf6 35. exf6 Qxd4+ 36. Kh1 Qxf6 37. Qxd5 Qxb2 38. Qc5 b6 39. Qf8+ Qg7 40. Qf2 Kh7 41. Qf3 Qe7 42. Qb3 Kg7 43. Qc3+ Kf7 44. Qg3 Kf6 45.
Qf3+ Ke6 46. Qg4+ Kd6 47. Qb4+ Kd7 48. Qa4+ Kc8 49. Qc6+ Kb8 50. Qxg6 Kb7 51. Qf5 1-0

[Event "Early-Titled-Tuesday-Blitz-October-17-2023"]
[Site "Chess.com"]
[Date "2023.10.17"]
[Round "7"]
[White "Sokoloco"]
[Black "Emp3rador"]
[Result "1-0"]
[WhiteElo "2706"]
[BlackElo "2551"]
[TimeControl "180+1"]
[EndTime "9:21:49 PDT"]
[Termination "Sokoloco won by resignation"]

1. b3 Nf6 2. Bb2 d5 3. e3 Bg4 4. Be2 Bxe2 5. Qxe2 Nbd7 6. d4 e6 7. Nd2 Bd6 8. Ngf3 Qe7 9. Ne5 O-O 10. O-O Ba3 11.
Bxa3 Qxa3 12. f4 Rac8 13. c4 c5 14. Nxd7 Nxd7 15. cxd5 exd5 16. Nf3 Rfe8 17. Rac1 cxd4 18. Rxc8 Rxc8 19. exd4 Nf6 20. Re1 h6 21. Ne5 Ne4 22.
Qh5 Rc7 23. Nf3 Nf6 24. Qe5 Rc2 25. Nh4 Qxa2 26. Qb8+ Kh7 27. Qxb7 Re2 28. Rf1 Qb2 29. Qxf7 Qxd4+ 30. Kh1 Qf2 31. Rg1 Re1 32. Nf3 Rxg1+ 33. Nxg1 Qxf4 34. h3 d4 35. Nf3 d3 36. Qxa7 Ne4 37.
Qd7 d2 38. Qd3 Kh8 39. Kg1 h5 40. Qd8+ Kh7 41. Qd3 Kh8 42. b4 Kh7 43. b5 Kh6 44.
b6 Ng3 45. Qxd2 Qxd2 46. Nxd2 Ne2+ 47. Kf2 Nd4 48. b7 Nc6 49. Nc4 Kg6 50. Ne5+ Nxe5 51. b8=Q 1-0

[Event "Early-Titled-Tuesday-Blitz-October-17-2023"]
[Site "Chess.com"]
[Date "2023.10.17"]
[Round "7"]
[White "ural58"]
[Black "jk13"]
[Result "0-1"]
[WhiteElo "2539"]
[BlackElo "2682"]
[TimeControl "180+1"]
[EndTime "9:21:49 PDT"]
[Termination "jk13 won on time"]

1. e4 e5 2. Nf3 Nc6 3. Bc4 Bc5 4. b4 Bxb4 5. c3 Ba5 6. d4 exd4 7. Qb3 Qf6 8. O-O Bb6 9. cxd4 Nxd4 10. Nxd4 Bxd4 11. e5 Bxe5 12. Re1 Ne7 13. Bxf7+ Qxf7 14. Rxe5 Qxb3 15. axb3 d6 16. Re2 Kf7 17. Bb2 Nd5 18.
Ra5 c5 19. Rd2 Be6 20. Nc3 Nxc3 21. Bxc3 Rhd8 22. b4 b6 23. Ra1 d5 24. bxc5 bxc5 25. Be5 d4 26. f4 Rd5 27. Ra6 Bd7 28. Rda2 c4 29. Kf2 Rc8 30. Rxa7 c3 31. Rc2 d3 32. Rxc3 Rxc3 33. Bxc3 d2 34. Bxd2 Rxd2+ 35. Kf3 Ke6 36. Ra6+ Rd6 37. Ra3 Bc6+ 38. Kg3 Rd2 39. Re3+ Kf6 40.
Kh4 Rxg2 41. h3 Bd5 42. Re5 Be6 43. Rh5 h6 44. Rb5 Bf5 45. Rb6+ Kf7 46. Kh5 Bxh3 47. f5 Bxf5 48. Kh4 Rg4+ 49. Kh5 Rg5+ 50. Kh4 Kg8 0-1

[Event "Early-Titled-Tuesday-Blitz-October-17-2023"]
[Site "Chess.com"]
[Date "2023.10.17"]
[Round "7"]
[White "Truequitos"]
[Black "Chessbard1972"]
[Result "1-0"]
[WhiteElo "2514"]
[BlackElo "2361"]
[TimeControl "180+1"]
[EndTime "9:21:52 PDT"]
[Termination "Truequitos won on time"]

1. d4 Nf6 2. Nf3 g6 3. Bg5 Ne4 4. Bf4 d6 5. Nbd2 Nxd2 6. Qxd2 Bg7 7. Bh6 O-O 8. h4 Bg4 9. h5 Bxf3 10. Bxg7 Kxg7 11.
hxg6 hxg6 12. Qh6+ Kf6 13. exf3 e5 14. dxe5+ dxe5 15.
Rd1 Qc8 16. Bb5 Nc6 17. Qh4+ Kg7 18. Qh7+ Kf6 19. Qh4+ Kg7 20. Bxc6 bxc6 21. Qe7 Re8 22. Qc5 Qe6 23. O-O Rh8 24. Rfe1 Rae8 25. Re4 Qf5 26.
Rg4 Qh5 27. Kf1 Rd8 28. Rxd8 Rxd8 29. Ke2 Qf5 30. Qxc6 Qe6 31. Qxe6 fxe6 32. Rc4 Rd7 33. Rc5 Kf6 34. a4 a6 35. a5 Kf5 36. Rc6 Rd5 37. Rxa6 Rb5 38. b3 Rc5 39. c4 e4 40. fxe4+ Ke5 41.
Ra8 Kxe4 42. a6 Ra5 43. a7 Ra2+ 44. Kd1 Kd3 45. Kc1 Kc3 46. Kb1 Ra6 47. Rb8 Rxa7 48.
c5 c6 49. Rb6 Ra5 50. Rxc6 Kxb3 51. Rb6+ Kc3 52. Rxe6 Rxc5 53. Re3+ 1-0

[Event "Early-Titled-Tuesday-Blitz-October-17-2023"]
[Site "Chess.com"]
[Date "2023.10.17"]
[Round "7"]
[White "chrisclaireredfield"]
[Black "Aswathchess"]
[Result "0-1"]
[WhiteElo "2526"]
[BlackElo "2659"]
[TimeControl "180+1"]
[EndTime "9:21:54 PDT"]
[Termination "Aswathchess won by resignation"]

1. Nf3 Nf6 2. g3 d5 3. Bg2 g6 4. b3 Bg7 5. Bb2 O-O 6. O-O c5 7. e3 Nc6 8. d3 Bf5 9. Nbd2 Qd7 10. Qe2 Rfd8 11. Nh4 Bg4 12. f3 Be6 13. f4 Bg4 14. Ndf3 h6 15. Qf2 Bh3 16. Ne5 Qc8 17.
Nxc6 bxc6 18. f5 Bxg2 19. Qxg2 g5 20. Nf3 Qxf5 21. Ne5 Qe6 22. c4 Nd7 23. Nxf7 Rf8 24. Nxh6+ Bxh6 25. Kh1 Rxf1+ 26. Rxf1 Rf8 27. Rxf8+ Bxf8 28.
Qf3 Nf6 29. Ba3 g4 30. Qf4 Qd6 31. Qf5 Kf7 32. Kg2 Qe6 33. Qxe6+ Kxe6 34. Bxc5 a6 35. h3 Bh6 36. hxg4 Nxg4 37. Kf3 Ne5+ 38. Ke2 Nd7 39.
Bd4 Kf5 40. Kf3 e5 41. g4+ Ke6 42. Bb2 Nf6 43. Ba3 e4+ 44. dxe4 dxe4+ 45. Ke2 Nxg4 46. Bc5 Kf5 47. Bd4 Ne5 48. Bc5 Nd3 49. Bb6 Nc1+ 50.
Kd2 Nxa2 51. Bc5 Bg7 52. Kc2 Nc3 53. Bb4 Ne2 54. Be1 Kg4 55. b4 Kf3 56. Bd2 Ng3 57. Kd1 Nf1 58. Bc1 Nxe3+ 0-1